 Dungeon Sprint DCSS version 0.29-a0-96-g93358da72b (webtiles) character file.

Game seed: 7185586336272056387

628 cyrus the Protected (level 7, -8/64 HPs)
             Began as a Formicid Fighter on Feb 11, 2022.
             Was a Believer of Trog.
             Mangled by a red ugly thing (13 damage)
             ... in the Dungeon (Sprint IX: "|||||||||||||||||||||||||||||").
             The game lasted 00:03:36 (955 turns).

cyrus the Protected (Formicid Fighter)               Turns: 955, Time: 00:03:36

Health: -8/64      AC: 12    Str: 23    XL:     7   Next: 77%
Magic:  7/7        EV: 10    Int:  7    God:    Trog [**....]
Gold:   0          SH:  5    Dex: 10    Spells: 6/6 levels left

rFire   . . .      SeeInvis +   o - +2 morningstar (vorpal)
rCold   . . .      Faith    .   c - +0 buckler
rNeg    . . .      Spirit   .   m - +1 scale mail
rPois   .          Reflect  .   (helmet unavailable)
rElec   .          Harm     .   (no cloak)
rCorr   .          Rampage  .   k - +0 pair of gloves
Will    ++...                   l - +0 pair of boots
Stlth   ..........              (no amulet)
HPRegen 1.20/turn               (no ring)
MPRegen 0.10/turn               (no ring)

@: strong-willed, regenerating
A: permanent stasis, dig shafts and tunnels, antennae 3, four strong arms
a: Dig, Renounce Religion, Trog's Hand


You were in the Dungeon.
You worshipped Trog.
Trog was pleased with you.
You visited 1 branch

Inventory:

Hand Weapons
 a - a +0 trident
 n - a +2 halberd of venom
 o - a +2 vorpal morningstar (weapon)
 p - a +4 quarterstaff of speed
 q - a +2 scimitar of flaming
 r - a +3 antimagic war axe
Armour
 b - a +0 scale mail
 c - a +0 buckler (worn)
 k - a +0 pair of gloves (worn)
 l - a +0 pair of boots (worn)
 m - a +1 scale mail (worn)
Jewellery
 i - a +2 ring of protection
 j - a +2 ring of evasion
Wands
 h - a wand of iceblast (10)
Scrolls
 s - 2 scrolls of amnesia
 t - a scroll of blinking
Potions
 g - 4 potions of magic


   Skills:
 + Level 9.2 Fighting
 + Level 3.5 Maces & Flails
 + Level 7.8 Polearms
 + Level 9.7 Armour
 + Level 2.5 Dodging
 + Level 0.4 Stealth
 + Level 8.0 Shields


You had 6 spell levels left.
You didn't know any spells.
Your spell library was empty.

Dungeon Overview and Level Annotations

Branches:
Dungeon (1/1)

Altars:
Cheibriados
Dithmenos
Elyvilon
Fedhas
Gozag
Hepliaklqana
Kikubaaqudgha
Makhleb
Nemelex Xobeh
Okawaru
Qazlal
Ru
Sif Muna
Trog
Uskayaw
Vehumet
Wu Jian
Xom
Yredelemnul
Zin
The Shining One
Beogh
Jiyva
Lugonu


Innate Abilities, Weirdness & Mutations

You cannot be hasted, slowed, berserked, paralysed or teleported.
You can dig through walls and to a lower floor.
You have a pair of large antennae on your head. (SInv)
Your four strong arms can wield two-handed weapons with a shield.


Message History

You open the door.
A meliai, a death knight, an unseen horror, 2 slime creatures and a red ugly thing come into view.
The meliai buzzes angrily.
The slime creature quivers.
The death knight shouts!
The red ugly thing gurgles horribly!
You barely miss the red ugly thing. You block the red ugly thing's attack.
You hit the red ugly thing but do no damage.
The meliai invokes the aid of its god against you.
Something smites you! The red ugly thing kicks you!
You are engulfed in flames!!
The red ugly thing kicks you.
* * * LOW HITPOINT WARNING * * *
You are engulfed in flames!
* * * LOW HITPOINT WARNING * * *
You feel better. The red ugly thing barely misses you.
You feel better. The red ugly thing barely misses you.
You feel better.
The red ugly thing kicks you but does no damage.
Your magic is already full.
You closely miss the red ugly thing. You block the red ugly thing's attack.
Your skin crawls.
You feel strong-willed.
The red ugly thing kicks you but does no damage.
You hit the red ugly thing.
The red ugly thing is lightly wounded.
The red ugly thing kicks you.
You are engulfed in flames!!
* * * LOW HITPOINT WARNING * * *
You hit the red ugly thing but do no damage.
The red ugly thing is lightly wounded.
The meliai mumbles some strange prayers to its god against you.
Something smites you!
* * * LOW HITPOINT WARNING * * *
The red ugly thing kicks you but does no damage.
The death knight offers itself to Yredelemnul, and fills with unholy energy.
The red ugly thing closely misses you.
You hit the red ugly thing but do no damage.
The red ugly thing is lightly wounded.
The red ugly thing kicks you.
* * * LOW HITPOINT WARNING * * *
You are engulfed in flames!
You die... ▓▓▓▓▓▓▓▓▓▓▓▓▓▓▓▓▓▓▓▓▓▓▓▓ .yJpxJu@....)'......)..' ▓▓▓▓▓▓▓▓▓▓▓▓▓▓▓▓▓▓▓▓▓▓▓▓ {{{{{{{{

You could see a death knight (reflects damage), a red ugly thing, 2 slime creatures, an unseen horror (invisible) and a meliai.

Vanquished Creatures
  A vampire (D)
  A wraith (D)
  An ice beast (D)
  A centaur (D)
  A phantom (D)
  A scorpion (D)
  A hound (D)
  An iguana (D)
  A dart slug (D)
  2 bats (D)
  A bat zombie (D)
  A quokka (D)
  A ball python zombie (D)
  A frilled lizard (D)
  A giant cockroach zombie (D)
16 creatures vanquished.

Notes
Turn   | Place    | Note
-------+----------+-------------------------------------------
     0 | D        | cyrus the Formicid Fighter began the quest for the Orb.
     0 | D        | Reached XP level 1. HP: 18/18 MP: 1/1
    27 | D        | Reached skill level 1 in Dodging
    27 | D        | Reached XP level 2. HP: 18/25 MP: 2/2
    32 | D        | Noticed an ice beast
    32 | D        | Noticed a scorpion
    32 | D        | Noticed a phantom
    39 | D        | Reached skill level 5 in Armour
    39 | D        | Reached XP level 3. HP: 20/32 MP: 3/3
    44 | D        | Killed a phantom
    45 | D        | Reached skill level 5 in Shields
    45 | D        | Reached XP level 4. HP: 14/40 MP: 4/4
    45 | D        | Reached XP level 5. HP: 16/46 MP: 5/5
    55 | D        | Reached skill level 5 in Polearms
    59 | D        | Killed an ice beast
    60 | D        | Reached XP level 6. HP: 4/56 MP: 6/6
    60 | D        | HP: 1/56 [hound (3)]
   568 | D        | Found a snail-covered altar of Cheibriados.
   568 | D        | Found a shadowy altar of Dithmenos.
   568 | D        | Found a white marble altar of Elyvilon.
   568 | D        | Found a blossoming altar of Fedhas.
   568 | D        | Found an opulent altar of Gozag.
   569 | D        | Found a hazy altar of Hepliaklqana.
   570 | D        | Found a viscous altar of Jiyva.
   571 | D        | Found an ancient bone altar of Kikubaaqudgha.
   572 | D        | Found a corrupted altar of Lugonu.
   573 | D        | Found a burning altar of Makhleb.
   574 | D        | Found a sparkling altar of Nemelex Xobeh.
   575 | D        | Found an iron altar of Okawaru.
   576 | D        | Found a stormy altar of Qazlal.
   577 | D        | Found a sacrificial altar of Ru.
   578 | D        | Found a shimmering blue altar of Sif Muna.
   579 | D        | Found a bloodstained altar of Trog.
   580 | D        | Found a hide-covered altar of Uskayaw.
   581 | D        | Found a radiant altar of Vehumet.
   582 | D        | Found an ornate altar of the Wu Jian Council.
   583 | D        | Found a shimmering altar of Xom.
   584 | D        | Found a basalt altar of Yredelemnul.
   585 | D        | Found a glowing silver altar of Zin.
   586 | D        | Found a glowing golden altar of the Shining One.
   597 | D        | Became a worshipper of Trog the Wrathful
   684 | D        | Noticed a wraith
   684 | D        | Noticed a vampire
   703 | D        | Killed a vampire
   703 | D        | Reached * piety under Trog
   704 | D        | Reached skill level 1 in Maces & Flails
   704 | D        | Reached XP level 7. HP: 42/63 MP: 7/7
   716 | D        | Killed a wraith
   718 | D        | Reached ** piety under Trog
   945 | D        | Noticed a meliai
   945 | D        | Noticed a slime creature
   945 | D        | Noticed a death knight
   945 | D        | Noticed an unseen horror
   945 | D        | Noticed a slime creature
   945 | D        | Noticed a red ugly thing
   947 | D        | HP: 3/64 [red ugly thing (15)]
   955 | D        | Mangled by a red ugly thing

Illustrated notes

Levels and vault maps discovered:
D:        linesprint [early_d, line_temple, items_1, d_10, items_2, lair_1,
          lair_end, items_3, orc_1, orc_end, items_4, d_15, swamp_1, shoals_1,
          snake_1, spider_1, d_20, vaults_1, items_5, swamp_end, shoals_end,
          snake_end, spider_end, vaults_end, d_27, items_6, zot_1, zot_end,
          crypt_end, forest_end, elf_end, slime_end, tomb_end, abyss_end,
          pan_hell_end]

Skill      XL: |  1  2  3  4  5  6  7 |
---------------+----------------------+-----
Fighting       | 4 6 7 8 9 |  9.2
Shields        | 4 5 7 8 |  8.0
Dodging        | 1 2 |  2.5
Polearms       | 3 4 6 7 |  7.8
Armour         | 5 6 8 9 |  9.7
Maces & Flails | 1 3 |  3.5
Stealth        | |  0.4

Action                   |  1- 3 |  4- 6 |  7- 9 || total
-------------------------+-------+-------+-------++-------
Melee: Trident           |    32 |    16 |       ||    48
       Morningstar       |       |    13 |    21 ||    34
Invok: Trog's Hand       |       |       |     1 ||     1
  Use: Potion            |     2 |     4 |     4 ||    10
Armor: Scale mail        |    13 |    15 |    10 ||    38
Dodge: Dodged            |    13 |    22 |    18 ||    53
Block: Buckler           |     5 |     6 |     9 ||    20

Table legend: (Time is in decaauts)
 A = Elapsed time spent in this place.
 B = Non-inter-level travel time spent in this place.
 C = Inter-level travel time spent in this place.
 D = Time resting spent in this place.
 E = Time spent auto-exploring this place.
 F = Levels seen in this place.
 G = Mean time per level.
                   A        B        C        D        E       F      G
               +--------+--------+--------+--------+--------+-----+--------+
         Total |    977 |    977 |      0 |    717 |      0 |   1 |  977.0 |
       Dungeon |    977 |    977 |      0 |    717 |      0 |   1 |  977.0 |
               +--------+--------+--------+--------+--------+-----+--------+

Top non-repeatable levels by time:
       D: 977 daAuts
